 Seeded DCSS version 0.29.1-15-g9cfb28693d (webtiles) character file.

Game seed: 6320845443627075161 (custom seed)

7 Psyclone the Firebug (level 1, 10/10 HPs)
             Began as a Deep Elf Fire Elementalist on Sept 23, 2023.
             Quit the game on level 1 of the Dungeon.
             The game lasted 00:02:01 (732 turns).

Psyclone the Firebug (Deep Elf Fire Elementalist)    Turns: 732, Time: 00:02:02

Health: 10/10      AC:  2    Str:  5    XL:     1   Next: 83%
Magic:  15/15      EV: 13    Int: 19    God:
Gold:   61         SH:  0    Dex: 18    Spells: 5/6 levels left

rFire   . . .      SeeInvis .   c - +0 dagger
rCold   . . .      Faith    .   (no shield)
rNeg    . . .      Spirit   .   a - +0 robe
rPois   +          Reflect  .   (no helmet)
rElec   .          Harm     .   (no cloak)
rCorr   .          Rampage  .   (no gloves)
Will    .....                   (no boots)
Stlth   ++........              (no amulet)
HPRegen 0.03/turn               f - ring of the Grand God {rPois MP+9 Dex+3}
MPRegen 0.14/turn               (no ring)

@: no status effects
A: no striking features
a: no special abilities


You were on level 1 of the Dungeon.
You visited 1 branch of the dungeon, and saw 2 of its levels.

You collected 61 gold pieces.

Inventory:

Hand Weapons
 c - a +0 dagger (weapon)
Armour
 a - a +0 robe (worn)
Magical Staves
 i - a staff of air
Jewellery
 f - the ring of the Grand God (left hand) {rPois MP+9 Dex+3}
   (You acquired it on level 2 of the Dungeon)

   [ring of magical power]

   Dex:       It affects your dexterity (+3).
   rPois:     It protects you from poison.
   MP:        It affects your magic capacity (+9).
Scrolls
 h - 2 scrolls of teleportation {unknown}
 k - 2 scrolls of magic mapping {unknown}
Potions
 b - a potion of magic
 d - a potion of curing {unknown}
 e - a potion of flight {unknown}
 g - a potion of haste {unknown}
 j - a potion of brilliance {unknown}
 l - a potion of resistance {unknown}


   Skills:
 - Level 2.4 Dodging
 - Level 2.4 Stealth
 - Level 3.0 Spellcasting
 - Level 1.1 Conjurations
 - Level 3.2 Fire Magic
 + Level 1.6 Ice Magic


You had 5 spell levels left.
You knew the following spells:

 Your Spells              Type           Power      Damage    Failure   Level
a - Foxfire               Conj/Fire      44%        2x1d6     6%          1

Your spell library contained the following spells:

 Spells                   Type           Power      Damage    Failure   Level
 Scorch                   Fire           30%        2d6       6%          2
 Freeze                   Ice            36%        1d6       8%          1
 Conjure Flame            Conj/Fire      11%        6-21      19%         3
 Frozen Ramparts          Ice            18%        1d3       22%         3
 Inner Flame              Hex/Fire       9%         N/A       24%         3
 Flame Wave               Conj/Fire      11%        2d6       52%         4
 Hailstorm                Conj/Ice       8%         3d4       65%         4


Dungeon Overview and Level Annotations

Branches:
Dungeon (2/15) Zot: 11268

Altars:


Message History

There is an open door here.
You open the door.
There is an open door here.
You open the door.
There is an open door here.
h - 2 scrolls labelled FEAHEA REEVUR (gained 1)
You open the door.
There is an open door here.
There is an open door here.
A rat comes into view.
Casting: Foxfire (safe; 6% risk of failure)
Confirm with . or Enter, or press ? or * to list all spells.
You conjure some foxfire!
You now have 14/15 mp.
Casting: Foxfire (safe; 6% risk of failure)
Confirm with . or Enter, or press ? or * to list all spells.
You conjure some foxfire!
The foxfire hits the rat.
You kill the rat!
You now have 13/15 mp.
Your foxfire dissipates!
Casting: Foxfire (safe; 6% risk of failure)
Confirm with . or Enter, or press ? or * to list all spells.
You conjure some foxfire!
Your foxfire dissipates!
You now have 12/15 mp.
Your foxfire dissipates!
Your foxfire dissipates! x2
There is an open door here.
You open the door.
There is an open door here.
You open the large door.
There is a large open door here.
There is a large open door here.
k - a scroll labelled XIMUT KI DIE MP restored: 15
k - 2 scrolls labelled XIMUT KI DIE (gained 1)
l - a fuming purple potion Done exploring.
Done exploring.
Are you sure you want to abandon this character and quit the game? (Confirm with "yes".)

### #.# #.# #.# #.#
################ #.#
####.......@......# #.#
#.................###'####
#.................#......###
#.................#.........
#.................#.........
#.................#.........
#.................#######...
#...........................
#........#...######.........


There were no monsters in sight!

Vanquished Creatures
  A dart slug (D:2)
  A ball python (D:1)
  A goblin (D:1)
  A bat (D:1)
  A rat (D:1)
5 creatures vanquished.

Vanquished Creatures (others)
  33 foxfires
33 creatures vanquished.

Grand Total: 38 creatures vanquished

Notes
Turn   | Place    | Note
-------+----------+-------------------------------------------
     0 | D:1      | Psyclone the Deep Elf Fire Elementalist began the quest for
                  | the Orb.
     0 | D:1      | Reached XP level 1. HP: 10/10 MP: 6/6
    80 | D:2      | Reached skill level 1 in Ice Magic
   111 | D:2      | Identified a scroll of acquirement
   111 | D:2      | Acquired the ring of the Grand God {rPois MP+9 Dex+3}
   732 | D:1      | Quit the game

Illustrated notes

Levels and vault maps discovered:
D:1:      dpeg_arrival_lava_temple_mockup, layout_basic
D:2:      layout_loops_ring, shapermc_ecumenical_altar_starsandcircs,
          serial_shops, nicolae_shop_window_shopping

Skill      XL: |  1 |
---------------+----+-----
Ice Magic      | 1 |  1.6
Dodging        | |  2.4
Stealth        | |  2.4
Spellcasting   | |  3.0
Conjurations   | |  1.1
Fire Magic     | |  3.2

Action                   || total
-------------------------++-------
 Cast: Foxfire           ||    18
  Use: Scroll            ||     1
Armor: Robe              ||     2
Dodge: Dodged            ||     2
